Map: Blackpink LE

Players

grizzay

  • Race: Terran Terran
  • League: Diamond
  • Spawn Location: 7:00

LaFantome - Winner!

  • Race: Zerg Zerg
  • League: Diamond
  • Spawn Location: 1:00

VOD

Have the link to the VOD?

Description

Time

  • Played on: Feb. 10, 2018, 3:33 p.m.
  • Length: 24:08
Show
View Real Time Build Order
Export as new Build Order

grizzay Terran 

Build Orders: Reaper Expand, Mech 

Get SALT Encoding   

  12  0:00  SCV  
  13  0:13  SCV  
  14  0:18  Supply Depot  
  14  0:25  SCV  
  15  0:31  Refinery  
  15  0:39  SCV  
  16  0:46  Barracks  
  16  0:51  SCV  
  17  1:03  SCV  
  18  1:15  SCV  
  19  1:32  Orbital Command  
  19  1:34  Reaper  
  20  1:48  Command Center  
  20  1:58  SCV  
  21  2:05  Factory  
  21  2:10  SCV  
  21  2:11  Barracks Reactor  
  22  2:16  Supply Depot  
  22  2:22  SCV  
  23  2:37  SCV  
  24  2:51  SCV  
  27  2:58  Hellion  
  27  2:59  Hellion  
  27  3:00  Orbital Command  
  29  3:05  Barracks Tech Lab  
  29  3:11  Command Center  
  29  3:17  SCV  
  32  3:20  Hellion  
  32  3:34  SCV x2  
  34  3:39  Supply Depot  
  33  3:41  Starport  
  33  3:45  Hellion x2  
  37  3:49  SCV  
  37  3:50  SCV  
  39  3:56  Refinery  
  39  4:06  Supply Depot  
  39  4:07  SCV x2  
  39  4:09  Hellion x2  
  45  4:14  Factory  
  45  4:19  SCV  
  45  4:20  Factory  
  46  4:25  SCV  
  46  4:29  Engineering Bay  
  46  4:31  SCV  
  48  4:33  Refinery  
  48  4:35  Hellion  
  48  4:36  Hellion  
  52  4:41  Viking  
  54  4:54  Orbital Command  
  54  4:57  SCV x2  
  56  5:00  Refinery  
  54  5:09  SCV  
  54  5:11  Factory Tech Lab x2  
  55  5:15  Banshee  
  55  5:17  Hellion x2  
  55  5:18  SCV  
  55  5:21  SCV, Supply Depot  
  64  5:30  Siege Tank  
  64  5:34  Hellion  
  59  6:01  SCV  
  59  6:02  Banshee, SCV x2  
  62  6:04  Siege Tank  
  62  6:06  Hellion  
  62  6:07  Hellion x2  
  62  6:09  Orbital Command  
  68  6:24  Supply Depot  
  68  6:27  Supply Depot  
  68  6:31  Siege Tank  
  68  6:32  Hellion x2  
  75  6:37  SCV x3  
  78  6:48  Refinery  
  78  6:49  Infernal Pre-Igniter  
  78  6:50  Factory x2  
  78  6:52  Refinery, Sensor Tower  
  78  7:10  Siege Tank  
  78  7:11  Banshee, Hellion x2  
  88  7:19  SCV x2  
  90  7:27  Supply Depot  
  90  7:28  Supply Depot  
  90  7:32  SCV x3, Armory  
  90  7:33  Armory  
  90  7:34  Factory Tech Lab  
  90  7:35  Factory Reactor  
  93  7:39  Hellion x2  
  97  7:44  SCV  
  98  8:05  SCV  
  98  8:06  SCV  
  98  8:11  Banshee  
  98  8:12  Siege Tank x2  
  109  8:13  Hellion x2  
  109  8:15  Hellion x2  
  109  8:16  Supply Depot  
  117  8:21  Terran Vehicle Weapons Level 1, Terran Vehicle And Ship Armor Level 1  
  117  8:22  Supply Depot  
  120  8:55  Siege Tank x2  
  120  8:56  Banshee, Hellion x2  
  120  9:00  Siege Tank  
  133  9:17  Starport  
  133  9:30  Hellion  
  133  9:42  Siege Tank x3, Hellion x2  
  133  9:43  Hellion  
  148  9:46  Supply Depot  
  148  9:47  Supply Depot  
  148  9:52  Hellion  
  135  10:08  Hellion x2  
  139  10:14  Thor x2  
  132  10:58  Starport Reactor  
  132  11:00  Thor  
  132  11:01  Thor x2  
  125  11:21  Missile Turret x3  
  125  11:22  Missile Turret  
  125  11:24  Missile Turret  
  120  11:26  Missile Turret  
  120  11:28  Hellion  
  120  11:29  Hellion x2  
  126  11:36  Viking x2  
  126  11:37  Viking x2  
  132  11:43  Thor  
  135  11:48  SCV x2  
  135  11:49  SCV  
  138  11:55  Terran Ship Weapons Level 1, Terran Vehicle And Ship Armor Level 2  
  138  11:58  Thor  
  138  12:00  Hellion  
  146  12:11  Command Center  
  146  12:12  Viking x2  
  146  12:14  Viking  
  107  13:00  Siege Tank x3  
  107  13:01  Viking x3, Hellion x3  
  93  13:30  Siege Tank  
  93  13:31  Hellion x2  
  93  13:32  Hellion  
  93  13:34  Viking x4  
  76  14:06  Siege Tank x4  
  76  14:07  Hellion x2  
  90  14:28  Hellion  
  89  14:43  Supply Depot  
  89  14:45  Supply Depot  
  89  14:48  Hellion x2  
  89  14:49  Hellion  
  95  15:11  Hellion  
  97  15:40  SCV x2  
  99  15:43  Orbital Command  
  99  15:44  Siege Tank x2  
  99  15:45  Hellion  
  103  16:02  Hellion x2  
  103  16:03  Hellion x2  
  77  16:09  Siege Tank x2  
  77  16:10  Hellion x2  
  80  16:16  Siege Tank  
  80  16:17  Hellion  
  85  16:32  Viking x4  
  93  16:34  SCV  
  93  16:35  SCV  
  95  16:46  SCV  
  96  16:57  Orbital Command  
  96  17:15  Siege Tank x3  
  105  17:16  Hellion x3  
  111  17:57  SCV  
  111  17:58  Siege Tank x3  
  119  17:59  Hellion  
  117  18:18  Siege Tank  
  109  18:24  SCV x3  
  112  18:28  Viking x2  
  112  18:30  Siege Tank  
  119  18:36  SCV  
  72  19:27  Siege Tank x4  
  72  19:28  Hellion x2  
  42  19:49  Hellion  
  42  19:50  Hellion  
  46  19:59  Siege Tank  
  35  20:19  Command Center  
  35  20:24  SCV  
  36  20:36  SCV  
  37  20:48  SCV  
  38  21:00  SCV  
  33  21:19  Hellion  
  33  21:20  Siege Tank x3, Hellion  
  36  21:42  Hellion x3  
  36  21:43  SCV  
  36  21:46  Refinery  
  40  21:48  Orbital Command  
  37  21:55  SCV  
  35  22:05  Siege Tank  
  34  22:20  SCV  
  32  22:23  SCV  
  33  22:33  SCV  
  34  22:47  SCV  
  34  22:48  SCV  
  36  22:59  SCV  
  22  23:22  Hellion x2  
  26  23:32  SCV  
Show
View Real Time Build Order
Export as new Build Order

LaFantome Zerg - Winner!

Build Orders: Hatch First 

Get SALT Encoding   

  12  0:01  Drone  
  13  0:12  Overlord  
  13  0:17  Drone  
  14  0:31  Drone x2  
  14  0:34  Drone  
  17  0:54  Hatchery  
  17  0:56  Drone  
  17  0:59  Drone  
  18  1:11  Extractor  
  17  1:16  Spawning Pool  
  17  1:18  Drone  
  17  1:21  Drone  
  18  1:28  Drone  
  19  1:46  Overlord  
  19  1:56  Drone  
  20  2:02  Zergling x2  
  20  2:05  Queen x2  
  20  2:06  Zergling x2  
  26  2:11  Metabolic Boost  
  26  2:13  Drone  
  27  2:19  Drone  
  28  2:27  Drone  
  29  2:32  Drone  
  29  2:33  Overlord  
  30  2:37  Spore Crawler  
  30  2:45  Queen x2  
  34  3:01  Drone  
  34  3:02  Drone  
  34  3:05  Hatchery, Drone  
  35  3:06  Drone  
  37  3:19  Drone x5  
  43  3:20  Drone  
  43  3:21  Drone  
  43  3:52  Roach Warren  
  43  3:53  Drone  
  43  4:00  Overlord x2  
  43  4:06  Drone  
  43  4:07  Evolution Chamber x2  
  43  4:09  Drone  
  43  4:14  Extractor  
  43  4:15  Extractor  
  41  4:22  Queen x3  
  41  4:24  Drone x2  
  49  4:25  Drone x4  
  49  4:26  Drone  
  49  4:27  Zergling x6  
  54  5:11  Drone  
  54  5:12  Drone x11  
  54  5:14  Overlord x3  
  66  5:19  Lair  
  66  5:20  Zerg Missile Weapons Level 1  
  66  5:22  Zerg Ground Armor Level 1  
  66  5:34  Drone x2  
  66  5:35  Drone x7  
  75  5:37  Extractor  
  75  5:38  Extractor  
  65  6:02  Drone x3  
  65  6:03  Drone  
  67  6:08  Drone x3  
  67  6:09  Drone x3  
  67  6:10  Drone x3  
  76  6:15  Drone x2  
  76  6:16  Drone x3  
  81  6:18  Extractor  
  81  6:21  Hydralisk Den  
  81  6:22  Hatchery, Infestation Pit  
  77  6:27  Drone  
  77  6:28  Overlord x2  
  78  6:45  Roach x2  
  82  6:47  Roach  
  82  6:48  Roach x7  
  82  6:53  Grooved Spines  
  98  7:16  Overlord  
  98  7:17  Overlord x4  
  98  7:19  Hive  
  98  7:22  Spire  
  97  8:04  Drone  
  97  8:05  Drone x7  
  105  8:27  Extractor  
  105  8:28  Spore Crawler x2, Extractor  
  105  8:32  Spore Crawler  
  100  8:34  Greater Spire  
  100  8:40  Overseer  
  96  8:41  Overseer  
  95  8:52  Corruptor x8  
  95  8:53  Corruptor  
  113  9:28  Spore Crawler  
  112  9:34  Spore Crawler  
  102  10:06  Brood Lord x7  
  104  10:07  Zergling x2  
  104  10:08  Zergling x22  
  107  10:24  Brood Lord x2  
  107  10:25  Zergling x6  
  101  10:37  Drone x3  
  95  11:02  Hydralisk  
  95  11:03  Roach  
  97  11:04  Roach  
  97  11:05  Roach x3  
  105  11:23  Roach  
  107  11:32  Muscular Augments  
  106  11:49  Hydralisk  
  106  11:52  Overlord x3  
  106  11:53  Overlord x2  
  108  11:57  Spawning Pool  
  107  12:11  Hydralisk x3  
  113  12:21  Hatchery  
  112  12:28  Hatchery, Hydralisk x3  
  79  13:24  Hydralisk  
  79  13:25  Hydralisk x5  
  83  13:35  Hydralisk  
  73  14:13  Hydralisk x2  
  73  14:14  Hydralisk x4  
  85  14:26  Hydralisk x2  
  83  14:44  Queen  
  83  14:45  Queen  
  89  14:47  Hydralisk, Queen  
  89  14:48  Hydralisk x9  
  111  15:06  Hydralisk  
  111  15:07  Hydralisk x3  
  111  15:12  Lair  
  117  15:28  Spore Crawler  
  56  16:08  Hydralisk  
  56  16:09  Hydralisk x11  
  60  16:15  Spire  
  59  16:24  Hydralisk x3  
  65  16:37  Hydralisk x3  
  65  16:38  Infestation Pit  
  70  16:46  Hydralisk x3  
  76  16:48  Overseer  
  76  16:55  Hydralisk  
  76  16:56  Hydralisk x6  
  76  16:59  Zergling x4  
  89  17:09  Hydralisk x2  
  89  17:10  Hydralisk  
  94  17:24  Hydralisk x2  
  94  17:25  Hydralisk x2  
  102  17:34  Hydralisk  
  102  17:35  Hydralisk  
  106  17:41  Hydralisk x2  
  109  18:04  Hydralisk x6  
  120  18:10  Spawning Pool  
  119  18:23  Overlord x2  
  119  18:24  Overlord  
  63  19:34  Hydralisk  
  63  19:35  Hydralisk x5  
  41  20:28  Hydralisk x4  
  41  20:29  Hydralisk x2  
  41  20:32  Hatchery  
  52  20:40  Lair  
  52  20:43  Hydralisk x2  
  52  20:46  Hatchery  
  55  20:55  Hydralisk x2  
  59  21:16  Hydralisk x3  
  59  21:17  Hydralisk  
  37  22:00  Overseer  
  29  22:18  Hydralisk  
  29  22:19  Hydralisk x5  
  39  22:30  Hydralisk x4  
  39  22:32  Hydralisk  
  39  22:33  Hydralisk x3  
  55  22:45  Hydralisk x3  
  63  22:53  Hydralisk  
  51  23:13  Hydralisk x3  
  41  23:49  Drone  
  41  23:50  Drone x4  
Tags
 
Add a new tag
Caveats
  • Supply blocks, unpowered buildings, or Contaminate may cause inaccurate times.
  • Supply counts are checked every 10 seconds.